[Event "Benidorm Open-A 2022"]
[Site "Benidorm"]
[Date "2022.12.08"]
[Round "7.24"]
[White "Cherniack, Alex"]
[Black "Gil Lopez, Alejandro"]
[Result "0-1"]
[ECO "B07"]
[WhiteElo "2188"]
[BlackElo "2041"]
[Annotator "TA"]
[PlyCount "102"]
[EventDate "2022.12.03"]
[EventType "swiss"]
[EventCountry "ESP"]
[SourceTitle "playchess.com"]
[Source "ChessBase"]
[SourceQuality "1"]
[TimeControl "5400+30"]

1. d4 g6 2. e4 d6 3. Nf3 Bg7 4. c3 Nf6 5. Nbd2 Nbd7 6. Bd3 O-O 7. O-O e5 8. Re1 Nh5 9. Bf1 {B07: Pirc Defence: Miscellaneous Systems.} Re8 10. a4 {[#]} c6 $146 ({Predecessor:} 10... Nf8 11. g3 Bd7 12. Nc4 exd4 13. Nxd4 Ne6 14. Nxe6 Rxe6 15. Bg2 Qe8 16. Be3 Bc6 17. f3 b6 18. Bf2 Rd8 {½-½ (43) Meduna,E (2435)-Oral,T (2460) Turnov 1996}) 11. Nc4 {White is better.} Nb6 12. dxe5 $1 {aiming for Bg5.} Nxc4 13. Bxc4 {Threatens to win with Bg5.} dxe5 (13... Bxe5 $16 {was necessary.} 14. Nxe5 Rxe5) 14. Qxd8 (14. Ng5 $18) 14... Rxd8 $16 15. b3 h6 16. h3 {Prevents Bg4.} Be6 17. Bxe6 fxe6 18. Be3 Rd3 19. Rac1 b6 20. Red1 Rad8 21. Rxd3 Rxd3 22. Ne1 Rd7 23. g3 g5 24. Kf1 c5 25. Ke2 Nf6 26. f3 Ne8 27. Nc2 Bf8 28. Na3 Nd6 29. Rd1 Rc7 30. c4 Kf7 31. Bd2 Bg7 {[#]} (31... Kf6 $16) 32. Bc3 (32. Bxg5 $1 $18 {[%mdl 512] and the rest is easy. Be3 is the strong threat.} Nxe4 33. fxe4 hxg5 34. Nb5) 32... Ke7 33. b4 a6 34. bxc5 bxc5 ({Weaker is} 34... Rxc5 35. Bb4 Rc6 36. Nb5 $1 axb5 37. cxb5 (37. axb5 Rxc4 38. Bxd6+ Ke8 $14) 37... Rc2+ 38. Kf1 $18) 35. Rb1 Rb7 36. Kd3 (36. Rxb7+ {simplifies} Nxb7 37. Nc2 Nd8 38. Ne1) 36... Kd7 37. Rb2 (37. Rxb7+ {simplifies} Nxb7 38. Nc2 Kc6 39. Na1) 37... Kc6 38. Nc2 (38. Rxb7 {simplifies} Nxb7 39. Nc2 Nd8 40. Ne1) 38... Bf6 39. Ne3 (39. Rxb7 {simplifies} Nxb7 40. Na1 h5 41. g4) 39... h5 40. Ng2 (40. Rxb7 $16 Nxb7 41. Nc2) 40... Rd7 $11 41. g4 (41. Ne3 $11) 41... hxg4 42. hxg4 Nb5+ 43. Kc2 {[#]} Nd4+ (43... Nxc3 $1 $17 44. Kxc3 Bd8) 44. Bxd4 (44. Kc1 $1 $11 {keeps the balance.}) 44... exd4 {[%cal Be5d4,Bd4d3,Bd3d2][%mdl 4128] Endgame KRB-KRN} ({Of course not} 44... Rxd4 $6 45. Ne3 $11) 45. Kd3 (45. Kd2 $17) 45... Ra7 $2 (45... Rh7 $19 {Strongly threatening ...Be5.} 46. a5 Rh2) 46. Rf2 $2 {[%mdl 8192] This move loses the game for White.} (46. f4 $11 {and White stays safe.}) 46... Rb7 $19 47. f4 Rb3+ 48. Ke2 (48. Kc2 $142 Rc3+ 49. Kd2) 48... d3+ {Black is clearly winning.} 49. Kf3 d2+ 50. Ke2 Bd4 51. Rf1 Rg3 $1 {[%csl LRg2,LRg4] Weighted Error Value: White=0.51/Black=0.22 (precise)} 0-1

[Event "Benidorm Open-A 2022"]
[Site "Benidorm"]
[Date "2022.12.08"]
[Round "7.25"]
[White "Sanchez Manzanares, Jorge Luis"]
[Black "Perez Candelario, Matias"]
[Result "1-0"]
[ECO "B06"]
[WhiteElo "2095"]
[BlackElo "2009"]
[Annotator "TA"]
[PlyCount "39"]
[EventDate "2022.12.03"]
[EventType "swiss"]
[EventCountry "ESP"]
[SourceTitle "playchess.com"]
[Source "ChessBase"]
[SourceQuality "1"]
[TimeControl "5400+30"]

1. e4 d6 2. d4 g6 3. Nc3 Bg7 4. Be3 c6 5. Qd2 Qa5 6. h3 Nf6 7. Nf3 Nbd7 {B08: Pirc Defence: Classical System.} 8. Bd3 (8. Be2 $5) 8... b5 9. O-O Qc7 {White is slightly better.} 10. Bh6 O-O 11. Ne2 c5 {[#]} 12. c3 $146 {[%mdl 2048] White is pushing. White is more active.} ({But not} 12. Bxb5 $6 Nxe4 13. Qe3 Bxh6 14. Qxh6 (14. Qxe4 Rb8 $15) 14... cxd4 $11) ({Predecessor:} 12. Bxg7 Kxg7 13. c3 e5 14. Ng3 Rb8 15. Qg5 Ng8 16. dxe5 Nxe5 17. Nxe5 dxe5 18. Nf5+ {½-½ (41) Bunyatov,R (2254)-Froewis,G (2452) Krakow 2016}) 12... c4 {[#] aiming for ...Bxh6.} 13. Bc2 Bb7 14. Ng3 e5 15. d5 (15. Qg5 $16) 15... Kh8 16. Bxg7+ Kxg7 17. Nh4 h6 $2 {[%mdl 8192] [#]} (17... a5 $14) 18. Nhf5+ $1 {[%mdl 512] White mates.} gxf5 19. Nxf5+ Kg8 20. Qxh6 {Weighted Error Value: White=0.11 (very precise) /Black=0.54} 1-0

[Event "Benidorm Open-A 2022"]
[Site "Benidorm"]
[Date "2022.12.08"]
[Round "7.26"]
[White "Horcajada Reales, Guillermo"]
[Black "Troffiguer, Olivier"]
[Result "1/2-1/2"]
[ECO "D38"]
[WhiteElo "2081"]
[BlackElo "2007"]
[Annotator "TA"]
[PlyCount "86"]
[EventDate "2022.12.03"]
[EventType "swiss"]
[EventCountry "ESP"]
[SourceTitle "playchess.com"]
[Source "ChessBase"]
[SourceQuality "1"]
[TimeControl "5400+30"]

1. c4 e6 2. Nc3 d5 3. d4 Bb4 4. Nf3 Nf6 5. Bg5 h6 6. Bxf6 Qxf6 7. Qb3 c5 8. cxd5 {D38: Queen's Gambit Declined: Ragozin Defence (4 Nf3 Bb4).} exd5 9. e3 {9.e3 scores better than 9.a3.} (9. dxc5 {simplifies} Bxc3+ 10. Qxc3 Qxc3+ 11. bxc3 Na6 12. Rd1) 9... Nc6 10. a3 ({Don't play} 10. Qxd5 Be6 11. Qe4 O-O-O $15) ({White should play} 10. Bb5 $14) 10... Bxc3+ (10... c4 $15 11. Qd1 Bxc3+ 12. bxc3 O-O) 11. bxc3 {[#]} cxd4 $146 (11... c4 $11 12. Qb5 Qf5) ({Predecessor:} 11... c4 12. Qb5 Qd6 13. Be2 Bd7 14. Qb1 O-O 15. O-O Rab8 16. Nd2 f5 17. f3 Rbe8 {0-1 (50) Lagrotteria,S (2150)-Lovati,P Bratto 1996}) 12. cxd4 $14 Qd6 13. Bb5 O-O 14. O-O Bg4 15. Nd2 Ne7 16. Rfc1 Rfc8 17. Bd3 Rxc1+ 18. Rxc1 Rc8 19. Rxc8+ Bxc8 20. Qc3 b6 21. f3 Qc6 22. Qxc6 Nxc6 {[%mdl 4096] Endgame KBN-KBN} 23. Kf2 Kf8 24. Nb3 Be6 25. Ke2 Ke7 26. Kd2 f5 27. g3 g5 28. h4 Nd8 29. hxg5 hxg5 30. Kc3 Nf7 31. Kb4 Nd6 32. Nd2 a5+ 33. Kc3 Bd7 34. Kb3 Kf6 35. Kc3 Be6 36. Be2 g4 37. f4 (37. Bd3 $11 {keeps the balance.}) 37... Bd7 38. Bd3 Ne8 39. Kb3 Ng7 40. Kc3 ({White should try} 40. Nb1 $15) 40... Nh5 $17 41. Nf1 Ke6 42. Kb3 {Prevents Ba4+.} Kd6 43. Kc3 Ke6 {Weighted Error Value: White=0.17 (very precise) /Black=0.11 (very precise)} 1/2-1/2

[Event "Benidorm Open-A 2022"]
[Site "Benidorm"]
[Date "2022.12.08"]
[Round "7.27"]
[White "Palomo Teruel, Xavier"]
[Black "Parramon Ros, Francesc"]
[Result "1/2-1/2"]
[ECO "B06"]
[WhiteElo "2040"]
[BlackElo "2003"]
[Annotator "TA"]
[PlyCount "77"]
[EventDate "2022.12.03"]
[EventType "swiss"]
[EventCountry "ESP"]
[SourceTitle "playchess.com"]
[Source "ChessBase"]
[SourceQuality "1"]
[TimeControl "5400+30"]

1. e4 g6 2. d4 Bg7 3. Be3 d6 4. Nc3 a6 5. a4 Nf6 6. f3 O-O {6...Nc6 is more fashionable. B06: Modern Defence.} 7. Nge2 e5 8. Qd2 Nc6 {White has an edge.} 9. d5 Ne7 10. Rd1 Ne8 {[#]} 11. Bh6 $146 {[#]} (11. g3 $11 {keeps the balance.}) ({Predecessor:} 11. g3 f5 12. Bg2 Nf6 13. h3 b5 14. axb5 Rb8 15. bxa6 Bxa6 16. b3 Nh5 17. Bf2 {0-1 (33) Lopez Martinez,J (2543)-Zvjaginsev,V (2656) Pamplona 2010}) 11... f5 (11... Nxd5 $1 $17 12. Bg5 (12. Nxd5 Qh4+) 12... Ne7) 12. Be3 Nf6 13. Bg5 Kh8 14. Nc1 fxe4 15. Bxf6 (15. fxe4 $11 Neg8 16. Be2) 15... Bxf6 16. Nxe4 Nf5 17. Bc4 (17. Nxf6 $17 {keeps fighting.} Qxf6 18. Nd3) 17... Bd7 (17... Bg7 $19 {Threatens to win with ...Bh6.} 18. O-O Bh6) 18. a5 (18. Nxf6 $15 Qxf6 19. O-O) 18... Bh4+ $19 19. g3 {[#]} (19. Kf1 $17 {was worth a try.}) 19... Nd4 $1 20. O-O Nxf3+ 21. Rxf3 Rxf3 22. Qg2 Rf5 (22... Re3 $142 {[%cal Od7f5] And now ...Bf5! would win.} 23. Bd3 Bg5) 23. gxh4 Qxh4 24. Ne2 {Inhibits Rf4.} Raf8 {White must now prevent ...Rf3.} 25. N2g3 Rf4 26. Rf1 $2 (26. Re1) 26... Kg8 $2 (26... Bh3 27. Rxf4 Rxf4) 27. Qe2 (27. Re1 {only move.}) 27... Bh3 28. Rf2 Rxf2 (28... Bg4 $19 {is more deadly.} 29. Qe3 Bf3) 29. Nxf2 $17 Rxf2 30. Kxf2 $11 Bg4 31. Qe3 (31. Qe4 $11) 31... Qxh2+ $17 32. Ke1 Qxc2 33. Bd3 Qxb2 {aiming for ...Kg7.} 34. Ne4 Kg7 (34... Qa1+ $17 35. Kf2 Bf5 36. Nf6+ Kf7 37. Nxh7 Qxa5) 35. Qg5 $11 {The position is equal.} Qa1+ 36. Kf2 Qd4+ 37. Kg2 Bf3+ ({But not} 37... Qxd5 38. Qf6+ Kh6 39. Qf8+ Kh5 40. Qf1 $14) 38. Kg3 {[%mdl 64] Intending Qe7+ and mate. Really sharp!} Bxe4 39. Qe7+ {And White is the lucky defender.   Weighted Error Value: White=0.44/Black=0.37} 1/2-1/2

[Event "Benidorm Open-A 2022"]
[Site "Benidorm"]
[Date "2022.12.08"]
[Round "7.28"]
[White "Draghici Flutur, Gavril"]
[Black "Ilinca Ilinca, Felix Antonio"]
[Result "0-1"]
[ECO "B23"]
[WhiteElo "2012"]
[BlackElo "2233"]
[Annotator "TA"]
[PlyCount "66"]
[EventDate "2022.12.03"]
[EventType "swiss"]
[EventCountry "ESP"]
[SourceTitle "playchess.com"]
[Source "ChessBase"]
[SourceQuality "1"]
[TimeControl "5400+30"]

1. e4 c5 2. Nc3 d6 3. f4 Nc6 4. Nf3 g6 5. Bc4 Bg7 6. O-O e6 7. d3 Nge7 8. Qe1 O-O 9. Qh4 d5 $1 {9...d5 is better than 9...Nd4. B23: Closed Sicilian: Lines without g3.} 10. Bb3 Nd4 {Prevents f5.} 11. f5 (11. Ng5 h6 12. Nf3 b6 $15) ({White should play} 11. Nxd4 $11 cxd4 12. Ne2) 11... gxf5 {Black is slightly better.} (11... exf5 {simplifies} 12. Nxd4 Bxd4+ 13. Kh1 Be6) 12. Bg5 $2 (12. Nxd4 $11 {and White stays safe.} cxd4 13. Nd1) 12... f6 $19 13. Bh6 Ng6 (13... fxe4 $19 14. Nxd4 (14. Bxg7 $2 Ndf5 $19) 14... cxd4) 14. Qh5 $17 {[#]} fxe4 $146 ({Predecessor:} 14... Nxb3 15. axb3 fxe4 16. Bxg7 Kxg7 17. dxe4 d4 18. Rad1 Qe7 19. e5 f5 20. Ne2 Bd7 {0-1 (29) Alvarez,A (1989)-Prieu,G (1997) Buenos Aires 2011}) 15. dxe4 Nxf3+ (15... dxe4 {with more complications.} 16. Bxg7 Kxg7 17. Nxe4 c4) 16. Rxf3 c4 17. Bxg7 Kxg7 ({Don't play} 17... Qb6+ 18. Kh1 Kxg7 19. Rh3 $1 $14) 18. Rh3 Rh8 19. Qh6+ Kf7 20. Ba4 {[#]} d4 ({Black should try} 20... a6 $1 $17 {Hoping for ...d4.} 21. Rf3 b5) 21. Ne2 (21. Nb5 $1 $15 a6 22. Nc7) 21... e5 $36 {[%mdl 2048] aiming for ...Bg4. White is under strong pressure.} 22. Rf3 {Threatens to win with Ng3.} Bg4 23. Raf1 (23. Rf2 {nothing else works.} Bxe2 24. Rxe2) 23... Bxf3 24. Rxf3 Qa5 {And now ...Qe1+ would win.} 25. Ng3 Qe1+ (25... Nf4 $142 26. h3 Qd2 27. Rxf4 Qe3+ 28. Kh1 Qc1+ 29. Nf1 Qxf4 30. Qxf4 exf4) 26. Rf1 Qe3+ 27. Qxe3 dxe3 28. Nh5 $2 (28. Bb5 {is tougher.} Rac8 29. Bd7) 28... Nf4 {Black is clearly winning.} 29. Nxf4 exf4 30. Rxf4 Rhd8 {White must now prevent ...Rd1+.} 31. Rf1 {Prevents Rd1.} e2 32. Re1 a6 33. c3 Rd2 {Weighted Error Value: White=0.92/Black=0.41} 0-1

[Event "Benidorm Open-A 2022"]
[Site "Benidorm"]
[Date "2022.12.08"]
[Round "7.29"]
[White "Clemente Llamero, Roberto"]
[Black "Docx, Stefan"]
[Result "0-1"]
[ECO "B84"]
[WhiteElo "1955"]
[BlackElo "2446"]
[Annotator "TA"]
[PlyCount "50"]
[EventDate "2022.12.03"]
[EventType "swiss"]
[EventCountry "ESP"]
[SourceTitle "playchess.com"]
[Source "ChessBase"]
[SourceQuality "1"]
[TimeControl "5400+30"]

1. e4 c5 2. Nf3 d6 3. d4 cxd4 4. Nxd4 Nf6 5. Nc3 a6 6. Be2 e6 7. f4 Nbd7 8. Bf3 {B84: Sicilian Scheveningen: 6 Be2 a6, lines without early Be3.} g6 {is the legacy move (8...Qc7).} 9. Nb3 Qc7 10. a4 {[%cal Ba2a4,Ba4a5][%mdl 32] White is slightly better.} Bg7 11. a5 Rb8 12. O-O O-O 13. Kh1 b6 14. axb6 {[#]} Nxb6 $146 ({Predecessor:} 14... Rxb6 15. Be3 Rb4 16. Bd2 Rb6 17. Qe2 Bb7 18. Na4 Rb5 19. Nd4 Nxe4 20. Nxb5 axb5 21. Bxe4 bxa4 22. Bxb7 Qxb7 23. Rxa4 Qxb2 {½-½ (74) Zelcic,R (2514)-Atlas,V (2478) Austria 2005}) 15. Na5 Nc4 16. Nxc4 Qxc4 17. Ra4 Qc7 18. Be2 Qb6 19. Rd4 {[#]} (19. Ra3 $11) 19... Ng4 $1 $17 20. e5 dxe5 21. fxe5 Nxe5 22. Rd6 {[#]} Qa5 (22... Qc7 $1 $19 23. Bxa6 Nc4 24. Bxc4 Qxc4) 23. Rf4 (23. Ne4 $17) 23... Rb4 (23... Qc7 $19 {...f5 is the strong threat.} 24. Rfd4 f5) 24. Rxb4 (24. Ne4 $1 $15 Ra4 25. Nf6+ Bxf6 26. Rxf6) 24... Qxb4 25. Bxa6 $2 (25. Rd4 $17 Qb6 26. Ra4) 25... Ng4 {Weighted Error Value: White=0.64/Black=0.21 (precise)} 0-1

[Event "Benidorm Open-A 2022"]
[Site "Benidorm"]
[Date "2022.12.08"]
[Round "7.30"]
[White "Plaskett, H James"]
[Black "Perez Ruiz, Santiago"]
[Result "1-0"]
[ECO "B07"]
[WhiteElo "2365"]
[BlackElo "1966"]
[Annotator "TA"]
[PlyCount "45"]
[EventDate "2022.12.03"]
[EventType "swiss"]
[EventCountry "ESP"]
[SourceTitle "playchess.com"]
[Source "ChessBase"]
[SourceQuality "1"]
[TimeControl "5400+30"]

1. e4 d6 2. d4 Nf6 3. Nc3 g6 4. f3 Bg7 5. Be3 c6 6. Qd2 h5 7. Nge2 {B07: Pirc Defence: Miscellaneous Systems.} Qa5 8. Nc1 b5 ({Better is} 8... Qc7 $14) 9. Nb3 (9. a4 $16) 9... Qc7 $11 {[#]} 10. a3 $146 ({Predecessor:} 10. Be2 a5 11. a4 b4 12. Nd1 Be6 13. Nf2 Nbd7 14. O-O Nb6 15. Rfe1 Nc4 16. Bxc4 Bxc4 {½-½ (28) Zezelj,M (1939)-Tomljanovic,G (2103) Rijeka 2020}) 10... a6 11. Be2 Bb7 12. a4 b4 13. Nd1 a5 14. c3 Na6 15. O-O $36 {[%mdl 2048] White has good play.} Rb8 16. Nf2 Bc8 17. Bc4 {White is more active.} d5 (17... O-O $16) 18. Bf4 $18 Qb6 19. exd5 O-O (19... bxc3 {is a better defense.} 20. bxc3 (20. Qxc3 Ra8 $18) 20... Nxd5 21. Bxb8 Nxb8) 20. dxc6 Nc7 21. cxb4 axb4 22. d5 {[#] Strongly threatening Be3.} Rd8 $2 (22... Ra8 23. Rfe1 Re8) 23. Be3 {Weighted Error Value: White=0.11 (very precise) /Black=0.42} 1-0

[Event "Benidorm Open-A 2022"]
[Site "Benidorm"]
[Date "2022.12.09"]
[Round "8.1"]
[White "Sattarov, Bobir"]
[Black "Saydaliev, Saidakbar"]
[Result "1/2-1/2"]
[ECO "D14"]
[WhiteElo "2433"]
[BlackElo "2376"]
[Annotator "TA"]
[PlyCount "62"]
[EventDate "2022.12.03"]
[EventType "swiss"]
[EventCountry "ESP"]
[SourceTitle "playchess.com"]
[Source "ChessBase"]
[SourceQuality "1"]
[TimeControl "5400+30"]

1. d4 d5 2. c4 c6 3. cxd5 cxd5 4. Nc3 Nc6 5. Nf3 Nf6 6. Bf4 Bf5 7. e3 a6 8. Bd3 Bxd3 9. Qxd3 e6 10. O-O Bd6 11. Bxd6 Qxd6 12. Rfc1 {12.Rfc1 scores better than 12.Rac1. D13: Slav Defence: Exchange variation without ...Bf5.} O-O 13. Na4 Nd7 14. Nc5 Nxc5 15. Rxc5 Rfc8 16. Rac1 (16. Qb3 $5 ) 16... Ne7 {The position is equal.} 17. Rxc8+ Rxc8 18. Rxc8+ Nxc8 $11 {[%mdl 4096] Endgame KQN-KQN} 19. Qc3 Ne7 20. Kf1 f6 21. Ke2 Qc6 22. Qxc6 Nxc6 {[#] KN-KN} 23. a3 $146 ({Predecessor:} 23. Kd2 Kf7 24. Ng1 Ke7 25. Ne2 Kd6 26. b3 b6 27. a3 Nb8 28. Nc3 Nd7 29. Ne2 Nb8 30. Nc3 Nd7 {½-½ (30) Al Sayed,M (2507)-Hamdouchi,H (2616) Doha 2014}) 23... Kf7 24. b4 Ke7 25. Kd3 Kd6 26. Kc3 b6 27. g4 a5 28. b5 Na7 29. a4 Nc8 30. Kd3 Ne7 31. h3 Nc8 {An even fight not without its subleties.   Weighted Error Value: White=0.04 (flawless) /Black=0.02 (flawless)} 1/2-1/2

[Event "Benidorm Open-A 2022"]
[Site "Benidorm"]
[Date "2022.12.09"]
[Round "8.2"]
[White "Sarkar, Justin"]
[Black "Van Delft, Merijn"]
[Result "1-0"]
[ECO "D43"]
[WhiteElo "2350"]
[BlackElo "2367"]
[Annotator "TA"]
[PlyCount "55"]
[EventDate "2022.12.03"]
[EventType "swiss"]
[EventCountry "ESP"]
[SourceTitle "playchess.com"]
[Source "ChessBase"]
[SourceQuality "1"]
[TimeControl "5400+30"]

1. d4 d5 2. c4 c6 3. Nf3 Nf6 4. Nc3 e6 5. Bg5 h6 6. Bxf6 Qxf6 7. Qb3 a5 8. e3 a4 {D43: Semi-Slav: 5 Bg5 h6.} 9. Nxa4 {Nb6 is the strong threat.} dxc4 $1 10. Bxc4 {And now Nb6 would win.} (10. Qxc4 $2 {is the wrong capture.} b5 11. Qc2 bxa4 $19) 10... b5 {[#] The position is equal.} 11. Bxb5 cxb5 12. Nb6 Qd8 $1 13. Nxa8 Qa5+ 14. Nd2 Bd7 {[#]} 15. d5 $1 Qxa8 16. dxe6 fxe6 17. O-O Be7 {[#]} 18. Rfd1 $146 ({Predecessor:} 18. Nf3 Bf6 19. Rfd1 {½-½ (19) Lalith,B (2573)-Motylev,A (2655) Moscow 2016}) 18... Na6 $2 (18... O-O $11) 19. Nf3 $2 ({White should try} 19. Qd3 $18) 19... Nc5 $11 20. Qc2 (20. Qc3 $14 O-O 21. b4) 20... O-O 21. Ne5 Be8 22. Ng6 {Chess con chili.} Bxg6 23. Qxg6 Bf6 ({Black should play} 23... Rf5 $1 $15 24. Qg4 Ne4) 24. Rac1 $36 {[%mdl 2048] White has good play.} Na4 25. Rd7 Nb6 $2 {[%mdl 8192] [#]} (25... Qe8 $11 26. Qxe8 Rxe8) 26. Rxg7+ $3 {[%mdl 512] White mates.} Bxg7 27. Rc7 ({Not} 27. Qxe6+ Kh8 28. Qxb6 Qxa2 29. Qxb5 Bxb2 $11) 27... Nd5 28. Qxg7# {Weighted Error Value: White=0.23 (precise) /Black=0.50} 1-0

[Event "Benidorm Open-A 2022"]
[Site "Benidorm"]
[Date "2022.12.09"]
[Round "8.3"]
[White "Fernandez Guillen, Ernesto J."]
[Black "Assylov, Miras"]
[Result "1-0"]
[ECO "B12"]
[WhiteElo "2462"]
[BlackElo "2025"]
[Annotator "TA"]
[PlyCount "75"]
[EventDate "2022.12.03"]
[EventType "swiss"]
[EventCountry "ESP"]
[SourceTitle "playchess.com"]
[Source "ChessBase"]
[SourceQuality "1"]
[TimeControl "5400+30"]

1. e4 c6 2. d4 d5 3. e5 Bf5 4. Nf3 e6 5. Be2 c5 6. O-O Nc6 7. Nc3 {B12: Caro-Kann: Advance Variation.} a6 8. Be3 cxd4 9. Nxd4 {The position is equal.} Nge7 10. g4 Bg6 11. f4 Nxd4 12. Bxd4 {[#]} (12. Qxd4 $5 Nc6 13. Qb6 $11) 12... h5 $146 ({Predecessor:} 12... Nc6 13. f5 exf5 14. gxf5 Qg5+ 15. Kh1 Bxf5 16. Nxd5 Be4+ 17. Bf3 Bxf3+ 18. Qxf3 O-O-O 19. Bb6 Nxe5 20. Qh3+ Nd7 21. Rf5 Qd2 22. Bxd8 Kxd8 23. Nc3 {1-0 (23) Dragun,K (2585)-Wang,K (2416) Ledyard 2019}) 13. f5 Bh7 14. fxe6 (14. gxh5 Nxf5 15. Qd3 Be7 $19) 14... fxe6 15. gxh5 Nf5 16. Bf2 Be7 {[%mdl 1024] Black has compensation.} 17. Bd3 $1 Bh4 18. Qg4 Qg5 19. h3 O-O (19... Bxf2+ 20. Rxf2 Qxg4+ 21. hxg4 $14) (19... Nh6 $1 $11 {keeps the balance.} 20. Qxg5 (20. Bxh4 Qe3+ 21. Bf2 Nxg4 $11) 20... Bxg5) 20. Bxh4 (20. Kg2 {is more complex.} d4 21. Ne2 Qd2 22. Rad1) 20... Qxg4+ {[%mdl 64] Remove Defender} 21. hxg4 Nxh4 22. Bxh7+ Kxh7 23. Kh2 $36 {[%mdl 2048] White is pushing.} Nf3+ 24. Kg3 Nd4 ({Don't take} 24... Nxe5 25. Rxf8 Rxf8 26. Re1 $16) (24... Nd2 $11 25. Rxf8 Rxf8) 25. Rad1 $1 $16 {Strongly threatening Rxf8.} Nxc2 26. Ne2 Kg8 {[#]} (26... Ne3 $16 27. Rxf8 Rxf8) 27. Rxf8+ $1 $18 Rxf8 {[%mdl 4096] Endgame KRN-KRN} 28. Rc1 Nb4 {[#]} (28... Ne3 $16) 29. Nd4 $1 {And now Rc7 would win.} Nd3 30. Rc7 Re8 (30... Nxe5 31. Nxe6 (31. Rxb7 g5 $18) 31... Rf3+ 32. Kh4 Re3) 31. Nf3 ({Weaker is} 31. Rxb7 Nxe5 32. Ra7 Nf7 33. Rxa6 e5 $18) 31... Nxb2 (31... b5 $142 32. b3 b4) 32. Rxb7 Nc4 (32... Nd3 {was necessary.} 33. Rb6 Nc5) 33. g5 Kh8 $2 (33... Na5 34. Rb6 Rc8 35. Rxe6 Nc6) 34. g6 Ne3 35. Nd4 {Kf3 is the strong threat.} Nf5+ 36. Nxf5 {White mates.} exf5 37. Kf4 Rd8 38. e6 {Weighted Error Value: White=0.11 (very precise) /Black=0.52} 1-0

[Event "Benidorm Open-A 2022"]
[Site "Benidorm"]
[Date "2022.12.09"]
[Round "8.4"]
[White "Van Foreest, Machteld"]
[Black "Ilamparthi A R"]
[Result "1-0"]
[ECO "B40"]
[WhiteElo "2206"]
[BlackElo "2336"]
[Annotator "TA"]
[PlyCount "101"]
[EventDate "2022.12.03"]
[EventType "swiss"]
[EventCountry "ESP"]
[SourceTitle "playchess.com"]
[Source "ChessBase"]
[SourceQuality "1"]
[TimeControl "5400+30"]

1. e4 c5 2. Nf3 e6 3. d4 cxd4 4. Nxd4 Nf6 5. Nc3 Nc6 6. Nxc6 bxc6 7. e5 Nd5 8. Ne4 Qc7 9. f4 Qb6 10. c4 Bb4+ 11. Ke2 f5 12. Nf2 Ba6 13. Kf3 Ne7 14. Be3 Bc5 15. Bxc5 Qxc5 16. Qd6 Qb6 17. b3 c5 18. Rd1 Bb7+ (18... Qxd6 {simplifies} 19. exd6 Bb7+ 20. Ke3 Ng6) 19. Kg3 {B45: Sicilian Four Knights.} (19. Ke3 {keeps more tension.} Rd8 20. Be2 Nc8 21. Qxb6 axb6 22. Nd3) 19... Qxd6 (19... Rd8 {feels hotter.} 20. Be2 Nc8 21. Qxb6 axb6 22. a4 d6) 20. exd6 Ng8 21. Be2 {The position is equal.} Nf6 22. Bf3 Bxf3 23. Kxf3 {[#]} Rc8 $146 ({Predecessor:} 23... h5 24. Rhe1 Rc8 25. Nd3 Rc6 26. Ne5 Ra6 27. Rd2 Ne4 28. Rxe4 fxe4+ 29. Kxe4 Rf8 30. h4 Rf5 31. g3 Kd8 32. Ke3 {½-½ (32) Gagliardi,V (2398)-Dieckmann,E (2372) ICCF email 2002}) 24. h3 Rc6 (24... h5 $11) 25. g4 $1 $14 fxg4+ 26. hxg4 O-O {[#]} ({Better is} 26... h5 $14) 27. Nd3 $1 $16 {Threatens to win with Ne5. White is more active.} g5 $2 {Black cannot hold the game after this.} (27... Rd8 $16 28. Ne5 Ra6) 28. Ne5 $18 ({Weaker is} 28. fxg5 Nd5+ 29. Kg3 Nc3 $18) 28... Ra6 29. fxg5 Nd5+ 30. Kg3 Nc3 31. Nxd7 $1 Ne4+ (31... Nxd1 $142 32. Nxf8 Rxd6) 32. Kh4 Rd8 33. Nf6+ Nxf6 34. gxf6 {[#] And now Kg5 would win.} Raxd6 35. Rxd6 Rxd6 {[%mdl 4096] Endgame KR-KR} 36. Kg5 {[%cal Of6f7] f7+! is the strong threat.} Rd2 {Against f7+} 37. f7+ Kxf7 38. Rxh7+ Ke8 39. Rxa7 Rf2 40. Rc7 Rxa2 41. Kf6 {[%cal Og4g5] Black must now prevent g5!} Rb2 42. Kxe6 Kd8 {Against Rc8+} 43. Rd7+ (43. Rxc5 $142 Re2+ 44. Re5 Ra2 45. g5 Ke8 46. b4 Rb2 47. b5 Rb3 48. g6) 43... Ke8 44. Rb7 Kd8 45. Kd6 Kc8 {Inhibits Rb8+.} 46. Rb5 {White threatens g5 and mate.} Rd2+ 47. Ke6 Rd3 48. Rxc5+ {White mates.} Kb7 49. g5 Re3+ 50. Re5 Rf3 51. g6 {Weighted Error Value: White=0.06 (flawless) /Black=0.67} 1-0